 Dungeon Crawl Stone Soup version 0.30-a0-1164-ge08a67761e (webtiles) character file.

Game seed: 1403936314528032715

21 GloriousHammer the Sneak (level 2, -1/15 HPs)
             Began as a Vampire Enchanter on Apr 29, 2023.
             Slain by a hobgoblin (3 damage)
             ... on level 2 of the Dungeon.
             The game lasted 00:02:38 (907 turns).

GloriousHammer the Sneak (Vampire Enchanter)         Turns: 907, Time: 00:02:39

Health: -1/15      AC:  3    Str:  7    XL:     2   Next: 65%
Magic:  5/5        EV: 11    Int: 17    God:
Gold:   63         SH:  0    Dex: 14    Spells: 5/5 levels left

rFire   . . .        a - +1 dagger
rCold   + + .        (no shield)
rNeg    + + +        e - +0 leather armour
rPois   ∞            (no helmet)
rElec   .            (no cloak)
rCorr   .            (no gloves)
SInv    +            (no boots)
Will    .....        (no amulet)
Stlth   +++++        (no ring)
HPRegen 0.00/turn    (no ring)
MPRegen 0.09/turn

%: no passive effects
@: bloodless, inhibited regen
A: bloodless, fangs 3, see invisible, vampiric 1
a: Revivify


You were on level 2 of the Dungeon.
You visited 1 branch of the dungeon, and saw 2 of its levels.

You collected 63 gold pieces.

Inventory:

Hand Weapons
 a - a +1 dagger (weapon)
 j - a +2 sling of freezing
Missiles
 n - 4 poisoned darts (quivered)
Armour
 b - a +0 robe
 e - a +0 leather armour (worn)
Scrolls
 d - a scroll of butterflies {unknown}
 h - a scroll of teleportation {unknown}
 l - a scroll of vulnerability {unknown}
Potions
 c - 2 potions of invisibility
 f - 2 potions of cancellation {unknown}
 g - a potion of might {unknown}
 i - 2 potions of berserk rage {unknown}
 k - a potion of flight {unknown}
 m - a potion of ambrosia {unknown}
 o - a potion of curing {unknown}


   Skills:
 + Level 1.7 Short Blades
 - Level 2.2 Dodging
 + Level 4.8 Stealth
 + Level 2.3 Spellcasting
 + Level 4.8 Hexes


You had 5 spell levels left.
You didn't know any spells.
Your spell library contained the following spells:

 Spells                   Type           Power      Damage    Failure   Level
 Confusing Touch          Hex            18%        N/A       12%         3
 Tukima's Dance           Hex            18%        N/A       12%         3
 Ensorcelled Hibernation  Hex/Ice        20%        N/A       16%         2
 Dazzling Flash           Conj/Hex       20%        N/A       32%         3


Dungeon Overview and Level Annotations

Branches:
Dungeon (2/15)

Altars:


Innate Abilities, Weirdness & Mutations

You do not regenerate when monsters are visible.
You are frail without blood (-20% HP).
You can heal yourself when you bite living creatures.
You are immune to poison.
You have razor-sharp teeth.
You have supernaturally acute eyesight. (SInv)
You are afflicted with vampirism.


Message History

You kill the ball python!
k - a bubbling pink potion You open the door.
There is an open door here.
You open the door.
There is an open door here.
Found a short sword.
You see here a +0 short sword.
You now have 53 gold pieces (gained 7).
A giant cockroach comes into view.
A giant cockroach is nearby!
A giant cockroach is nearby!
Found 7 stones.
The helpless giant cockroach fails to defend itself.
You impale the giant cockroach!!
You kill the giant cockroach!
You see here 7 stones.
f - 2 bubbling blue potions (gained 1)
l - a scroll labelled YGUKHLO NUMUO A quokka comes into view.
A quokka is nearby!
The helpless quokka fails to defend itself.
You bite the quokka, and draw its blood!
You impale the quokka!!
You kill the quokka!
You see here a staff of death.
Found a dagger.
A bat comes into view.
Found an orange potion.
You see here a +0 dagger.
The helpless bat fails to defend itself.
You bite the bat, and draw its blood! You impale the bat!!
You kill the bat!
You see here a bat corpse.
m - an orange potion Done exploring.
Done exploring.
Done exploring.
Search for what [? for help]? .
There is a stone staircase leading down here.
Things that are here:
a +0 club; 2 stones You see here 4 poisoned darts.
n - 4 poisoned darts
(D) Dungeon
Where to? (Enter - D:1 @ (x,y), ? - help)
Things that are here:
a +0 club; 2 stones
There is a stone staircase leading down here.
You climb downwards.
There is a stone staircase leading up here.
Found a glowing dark potion and 10 gold pieces.
i - 2 glowing dark potions (gained 1)
A bat comes into view.
You see here 10 gold pieces.
You now have 63 gold pieces (gained 10).
The helpless bat fails to defend itself.
You bite the bat, and draw its blood! You puncture the bat!
You kill the bat!
A ball python comes into view.
A ball python is nearby!
Found a fuming ruby potion.
Found a stone staircase leading down.
The helpless ball python fails to defend itself.
You bite the ball python, and draw its blood!
You impale the ball python!!
You kill the ball python!
o - a fuming ruby potion A hobgoblin comes into view.
A hobgoblin is nearby!
A hobgoblin comes into view.
The hobgoblin shouts! x2
The hobgoblin misses you.
You hit the hobgoblin but do no damage. Your punch misses the hobgoblin.
The hobgoblin closely misses you.
You closely miss the hobgoblin. The hobgoblin hits you.
You hit the hobgoblin.
The hobgoblin is severely wounded.
The hobgoblin hits you.
A hobgoblin comes into view.
The hobgoblin closely misses you.
You barely miss the hobgoblin.
The hobgoblin is severely wounded.
The hobgoblin hits you but does no damage.
The hobgoblin hits you.
Unknown command.
Okay, then.
You hit the hobgoblin. Your bite misses the hobgoblin.
The hobgoblin is almost dead.
The hobgoblin closely misses you. x2
You hit the hobgoblin.
You kill the hobgoblin!
The hobgoblin closely misses you.
You hit the hobgoblin but do no damage. The hobgoblin barely misses you.
You closely miss the hobgoblin. The hobgoblin hits you.
You hit the hobgoblin but do no damage. The hobgoblin closely misses you.
You closely miss the hobgoblin. The hobgoblin hits you.
* * * LOW HITPOINT WARNING * * *
The hobgoblin hits you.
You die...

#.............##.#.####
.#.........#.##.#.....
#.#..#............... #
#..#†..#.#..#...... #
#.#..#.....#..#.###..
#.##.#..##...##.........
..........>..##.........
........................
.###..g@...........####.
......g†................
..#.##..##.....#######..
##.. #..# ..... #.. #.
#... ..##. #.. # #.## .#
#.. #. #.. ## #.. #..


You could see 2 hobgoblins.

Vanquished Creatures
  An endoplasm (D:1)
  2 giant cockroaches (D:1)
  3 goblins (D:1)
  A hobgoblin (D:2)
  A quokka (D:1)
  3 ball pythons
  6 bats
  A frilled lizard (D:1)
  2 kobolds (D:1)
  A rat (D:1)
21 creatures vanquished.

Notes
Turn   | Place    | Note
-------+----------+-------------------------------------------
     0 | D:1      | GloriousHammer the Vampire Enchanter began the quest for
                  | the Orb.
     0 | D:1      | Reached XP level 1. HP: 13/13 MP: 3/3
   298 | D:1      | Reached XP level 2. HP: 15/15 MP: 5/5
   907 | D:2      | Slain by a hobgoblin

Illustrated notes

Levels and vault maps discovered:
D:1:      sevenhm_arrival_forest_fort_large_2, layout_basic, minmay_tromino_v7
D:2:      minmay_inner_zag, layout_basic, kennysheep_jessica_study

Action                     || total
---------------------------++-------
  Melee: Dagger            ||    47
         Bite              ||     3
Ability: Exsanguinate      ||     1
   Stab: Sleeping          ||    11
 Armour: Leather armour    ||     6
  Dodge: Dodged            ||    31

Table legend: (Time is in decaauts)
 A = Elapsed time spent in this place.
 B = Non-inter-level travel time spent in this place.
 C = Inter-level travel time spent in this place.
 D = Time resting spent in this place.
 E = Time spent auto-exploring this place.
 F = Levels seen in this place.
 G = Mean time per level.
                   A        B        C        D        E       F      G
               +--------+--------+--------+--------+--------+-----+--------+
         Total |    903 |    873 |     30 |      6 |    587 |   2 |  451.5 |
       Dungeon |    903 |    873 |     30 |      6 |    587 |   2 |  451.5 |
               +--------+--------+--------+--------+--------+-----+--------+

Top non-repeatable levels by time:
     D:1: 819 daAuts
     D:2: 83 daAuts
